Canucks vs Devils

Created - 6 avril 2013 at 23:27

Goals
1 2 3 T
Canucks 0 1 0 1
Devils 0 2 1 3
Shots
1 2 3 T
Canucks 9 6 3 18
Devils 6 7 8 21

1st period

No Goal

Penalties :
Anze Kopitar (NJD) for Interference (Minor) at 3:35, Scott Niedermayer (Van) for Kneeing (Major) at 11:49

2nd period

1. Devils , Roman Hamrlik 5 (Ramzi Abid, Henrik Zetterberg) at 2:59
2. Devils , Radek Dvorak 6 (Roman Hamrlik, Richard Matvichuk) at 5:45
3. Canucks , Matt Stajan 14 (Brent Sopel) at 5:51

Penalties :
Sheldon Keefe (Van) for Holding (Minor) at 18:33

3rd period

4. Devils , Olli Jokinen 13 (Ben Lovejoy, Teemu Selanne) at 16:38 (PP)

Penalties :
Scott Niedermayer (Van) for Tripping (Minor) at 4:25, Erik Christensen (Van) for Unsportsmanlike conduct (Major / Game Misconduct) at 7:20, Daniel Paille (Van) for Tripping (Minor) at 14:59

Goalie Stats

Brian Boucher (Van), 18 saves from 21 shots - (0,857), L, 7-6-2, 60:00 minutes
Jimmy Howard (NJD), 17 saves from 18 shots - (0,944), W, 24-18-3, 60:00 minutes

Players Stats for Canucks

Player Name              G  A  P  +/- PIM S  H  SB GA TA FO     MP     PP MP  PK MP  
------------------------------------------------------------------------------------
Brent Sopel              0  1  1  -1  0   0  2  1  0  0  0/0    22:11   0:49   6:48 
Chris Campoli            0  0  0   0  0   1  1  0  0  1  0/0    13:09   0:00   4:06 
Clarke MacArthur         0  0  0  -1  0   2  3  0  0  0  0/1    19:02   1:01   5:45 
Daniel Paille            0  0  0  -1  2   0  0  0  0  0  0/0     6:43   0:00   2:26 
David Jones              0  0  0   0  0   0  1  0  0  0  0/0    12:34   0:00   0:00 
Derian Hatcher           0  0  0  -1  0   0  3  2  1  0  0/0    22:11   0:49   6:48 
Erik Christensen         0  0  0   0  15  1  1  0  0  0  3/7    11:43   0:00   1:49 
Fabian Brunnstrom        0  0  0   0  0   2  0  0  0  0  0/0    11:44   0:00   0:00 
Janne Niskala            0  0  0   0  0   0  0  0  0  0  0/0     6:03   0:00   2:15 
Jaromir Jagr             0  0  0   0  0   1  3  1  3  1  5/9    23:53   0:58   6:22 
Johnny Boychuk           0  0  0   0  0   1  0  0  0  0  0/0     9:03   0:00   0:00 
Jonas Hoglund            0  0  0  -1  0   1  3  1  0  0  0/0    18:22   1:01   4:20 
Mark Streit              0  0  0   0  0   0  3  0  0  1  0/0    24:25   1:10   7:22 
Matt Stajan              1  0  1   1  0   2  1  1  1  0  6/17   15:50   0:58   0:55 
Peter Worrell            0  0  0   1  0   1  1  0  0  0  0/0    20:55   0:58   6:32 
Rickard Wallin           0  0  0  -1  0   1  0  0  0  0  4/12   12:48   1:01   0:00 
Scott Niedermayer        0  0  0   0  7   3  1  0  2  0  0/0    23:51   1:10   3:51 
Sheldon Keefe            0  0  0  -1  2   2  2  0  0  0  1/1     9:53   0:00   3:01 

Players Stats for Devils

Player Name              G  A  P  +/- PIM S  H  SB GA TA FO     MP     PP MP  PK MP  
------------------------------------------------------------------------------------
Anze Kopitar             0  0  0  -1  2   1  1  0  0  0  13/22  20:23   7:37   0:00 
Ben Lovejoy              0  1  1   0  0   2  2  1  0  0  0/0    20:41   7:58   0:00 
Chris Kunitz             0  0  0   0  0   0  0  1  0  1  0/0    12:50   2:14   0:19 
Chris Pronger            0  0  0   0  0   1  1  4  0  0  0/0    22:19   5:28   1:13 
Doug Weight              0  0  0   1  0   2  0  0  1  0  8/10   13:30   1:33   0:59 
Greg De Vries            0  0  0  -1  0   0  1  0  1  0  0/0    19:10   1:25   0:46 
Henrik Zetterberg        0  1  1  -1  0   0  0  0  1  1  0/0    19:03   5:33   0:39 
Jason Williams           0  0  0   1  0   2  0  1  0  0  3/6     8:47   0:00   0:21 
Marian Hossa             0  0  0   1  0   2  0  0  0  2  0/0    17:53   5:29   0:41 
Olli Jokinen             1  0  1   0  0   1  1  0  0  0  2/4    16:22   5:29   0:00 
Peter Prucha             0  0  0   0  0   0  1  1  0  1  0/0    12:56   2:09   0:00 
Radek Dvorak             1  0  1   1  0   2  0  0  0  0  0/0     9:40   1:33   0:00 
Raffi Torres             0  0  0   1  0   0  0  0  0  0  0/0     7:48   0:00   0:00 
Ramzi Abid               0  1  1   1  0   4  1  0  0  0  1/2    17:58   7:34   0:00 
Richard Matvichuk        0  1  1   2  0   0  1  1  0  0  0/0    12:16   2:25   0:00 
Roman Hamrlik            1  1  2   2  0   1  2  0  0  0  0/0    19:36   5:28   1:13 
Sergei Zubov             0  0  0  -1  0   2  2  0  0  1  0/0    25:58   8:26   0:46 
Teemu Selanne            0  1  1  -1  0   1  3  0  0  1  1/3    20:50   7:34   0:59 

3 Stars

1 - Roman Hamrlik (NJD)
2 - Matt Stajan (Van)
3 - Jimmy Howard (NJD)

Power Play

Canucks - 0 on 1 Attempt(s) - 0,00%
Devils - 1 on 5 Attempt(s) - 20,00%

Penalty Kill

Canucks - 4 on 5 Attempt(s) - 80,00% - Score 0 goal in Penalty Kill
Devils - 1 on 1 Attempt(s) - 100,00% - Score 0 goal in Penalty Kill

Official

Referees : Hebert Ghislain and Devorski Paul
Linesman : Jonny Murray and Mark Shewchyk

Game Notes

Erik Christensen ejected from game at 7:20 of 3rd period

Finance

Level 1 -- Attendance: 5683 (94,72%) -- Ticket Income 483 055 $
Level 2 -- Attendance: 5000 (100,00%) -- Ticket Income 250 000 $
Level 3 -- Attendance: 2000 (100,00%) -- Ticket Income 50 000 $
Level 4 -- Attendance: 3495 (87,38%) -- Ticket Income 62 910 $
Luxury Box -- Attendance: 736 (73,60%) -- Ticket Income 128 800 $
Game was played at the The prudential Center
Total Attendance: 16914 (93,97%)
Total Ticket Income: 974 765 $
Total Income: 974 765 $

Canucks

5 vs 5 Forward 
   Center                   Left Wing                Right Wing               Time % Phy DF OF 
 1 Matt Stajan              Peter Worrell            Jaromir Jagr             40     1   2  2  
 2 Rickard Wallin           Clarke MacArthur         Jonas Hoglund            30     1   2  2  
 3 Erik Christensen         Fabian Brunnstrom        David Jones              20     1   2  2  
 4 Jaromir Jagr             Daniel Paille            Sheldon Keefe            10     1   2  2  

5 vs 5 Defense 
   Defense                  Defense                                           Time % Phy DF OF 
 1 Scott Niedermayer        Mark Streit                                       40     1   2  2  
 2 Derian Hatcher           Brent Sopel                                       30     1   2  2  
 3 Johnny Boychuk           Chris Campoli                                     20     1   2  2  
 4 Janne Niskala            Scott Niedermayer                                 10     1   2  2  

PowerPlay Forward 
   Center                   Left Wing                Right Wing               Time % Phy DF OF 
 1 Matt Stajan              Peter Worrell            Jaromir Jagr             60     1   2  2  
 2 Rickard Wallin           Clarke MacArthur         Jonas Hoglund            40     1   2  2  

PowerPlay Defense
   Defense                  Defense                                           Time % Phy DF OF 
 1 Scott Niedermayer        Mark Streit                                       60     1   2  2  
 2 Derian Hatcher           Brent Sopel                                       40     1   2  2  

Penalty Kill 4 Players Forward 
   Center                   Wing                     Time % Phy DF OF 
 1 Jaromir Jagr             Peter Worrell            60     1   2  2  
 2 Jonas Hoglund            Clarke MacArthur         40     1   2  2  

Penalty Kill 4 Players Defense
   Defense                  Defense                  Time % Phy DF OF 
 1 Scott Niedermayer        Mark Streit              60     1   2  2  
 2 Derian Hatcher           Brent Sopel              40     1   2  2  

Penalty Kill - 3 Players Forward 
   Forward                                           Time % Phy DF OF 
 1 Jaromir Jagr                                      60     1   2  2  
 2 Peter Worrell                                     40     1   2  2  

Penalty Kill - 3 Players Defense
   Defense                  Defense                  Time % Phy DF OF 
 1 Scott Niedermayer        Mark Streit              60     1   2  2  
 2 Derian Hatcher           Brent Sopel              40     1   2  2  

4 vs 4 Forward 
   Center                   Wing                     Time % Phy DF OF 
 1 Jaromir Jagr             Peter Worrell            60     1   2  2  
 2 Jonas Hoglund            Clarke MacArthur         40     1   2  2  

4 vs 4 Defense
   Defense                  Defense                  Time % Phy DF OF 
 1 Scott Niedermayer        Mark Streit              60     1   2  2  
 2 Derian Hatcher           Brent Sopel              40     1   2  2  

Last Minutes Offensive
   Center                   Left Wing                Right Wing               Defense                  Defense                  
   Matt Stajan              Peter Worrell            Jaromir Jagr             Scott Niedermayer        Mark Streit              

Last Minutes Defensive
   Center                   Left Wing                Right Wing               Defense                  Defense                  
   Matt Stajan              Peter Worrell            Jaromir Jagr             Scott Niedermayer        Mark Streit              

Goaltenders
Starting : Brian Boucher            
Backup : Carey Price              

Extra Forwards
Normal : David Jones, Fabian Brunnstrom, Sheldon Keefe - PP : David Jones, Fabian Brunnstrom - PK : Sheldon Keefe
Extra Defensemen
Normal : Johnny Boychuk, Chris Campoli, Janne Niskala - PP : Johnny Boychuk - PK : Chris Campoli, Janne Niskala
Penalty Shots
Jaromir Jagr, Peter Worrell, Jonas Hoglund, Clarke MacArthur, Matt Stajan

Devils

5 vs 5 Forward 
   Center                   Left Wing                Right Wing               Time % Phy DF OF 
 1 Anze Kopitar             Henrik Zetterberg        Teemu Selanne            40     0   2  3  
 2 Doug Weight              Ramzi Abid               Marian Hossa             30     0   2  3  
 3 Olli Jokinen             Chris Kunitz             Peter Prucha             20     0   2  3  
 4 Jason Williams           Raffi Torres             Radek Dvorak             10     0   4  1  

5 vs 5 Defense 
   Defense                  Defense                                           Time % Phy DF OF 
 1 Sergei Zubov             Greg De Vries                                     40     0   2  3  
 2 Chris Pronger            Ben Lovejoy                                       30     0   2  3  
 3 Richard Matvichuk        Roman Hamrlik                                     20     0   2  3  
 4 Roman Hamrlik            Chris Pronger                                     10     0   2  3  

PowerPlay Forward 
   Center                   Left Wing                Right Wing               Time % Phy DF OF 
 1 Anze Kopitar             Ramzi Abid               Teemu Selanne            60     0   1  4  
 2 Olli Jokinen             Henrik Zetterberg        Marian Hossa             40     0   1  4  

PowerPlay Defense
   Defense                  Defense                                           Time % Phy DF OF 
 1 Sergei Zubov             Ben Lovejoy                                       60     1   2  2  
 2 Chris Pronger            Roman Hamrlik                                     40     1   2  2  

Penalty Kill 4 Players Forward 
   Center                   Wing                     Time % Phy DF OF 
 1 Doug Weight              Teemu Selanne            60     0   3  2  
 2 Anze Kopitar             Marian Hossa             40     0   3  2  

Penalty Kill 4 Players Defense
   Defense                  Defense                  Time % Phy DF OF 
 1 Chris Pronger            Roman Hamrlik            60     0   4  1  
 2 Greg De Vries            Sergei Zubov             40     0   4  1  

Penalty Kill - 3 Players Forward 
   Forward                                           Time % Phy DF OF 
 1 Doug Weight                                       60     1   2  2  
 2 Olli Jokinen                                      40     1   2  2  

Penalty Kill - 3 Players Defense
   Defense                  Defense                  Time % Phy DF OF 
 1 Sergei Zubov             Greg De Vries            60     1   3  1  
 2 Chris Pronger            Richard Matvichuk        40     1   3  1  

4 vs 4 Forward 
   Center                   Wing                     Time % Phy DF OF 
 1 Olli Jokinen             Marian Hossa             60     1   2  2  
 2 Anze Kopitar             Henrik Zetterberg        40     1   2  2  

4 vs 4 Defense
   Defense                  Defense                  Time % Phy DF OF 
 1 Sergei Zubov             Ben Lovejoy              60     1   2  2  
 2 Chris Pronger            Richard Matvichuk        40     1   2  2  

Last Minutes Offensive
   Center                   Left Wing                Right Wing               Defense                  Defense                  
   Anze Kopitar             Henrik Zetterberg        Marian Hossa             Sergei Zubov             Chris Pronger            

Last Minutes Defensive
   Center                   Left Wing                Right Wing               Defense                  Defense                  
   Anze Kopitar             Henrik Zetterberg        Marian Hossa             Sergei Zubov             Chris Pronger            

Goaltenders
Starting : Jimmy Howard             
Backup : Dan Ellis                

Extra Forwards
Normal : Olli Jokinen, Marian Hossa, Peter Prucha - PP : Olli Jokinen, Peter Prucha - PK : Henrik Zetterberg
Extra Defensemen
Normal : Greg De Vries, Ben Lovejoy, Roman Hamrlik - PP : Richard Matvichuk - PK : Ben Lovejoy, Richard Matvichuk
Penalty Shots
Anze Kopitar, Henrik Zetterberg, Ramzi Abid, Teemu Selanne, Marian Hossa

% Time on Ice - Canucks

Lines # - Real PCT - Wanted PCT - Time Play
Normal Forward
1 - 33% - 40% - 13:52
2 - 31% - 30% - 13:01
3 - 27% - 20% - 11:31
4 - 10% - 10% - 4:02
Normal Defense
1 - 37% - 40% - 15:53
2 - 34% - 30% - 14:34
3 - 21% - 20% - 9:03
4 - 7% - 10% - 2:56
PP Forward
1 - 49% - 60% - 0:58
2 - 51% - 40% - 1:01
PP Defense
1 - 59% - 60% - 1:10
2 - 41% - 40% - 0:49
PK Forward
1 - 72% - 60% - 11:15
2 - 28% - 40% - 4:20
PK Defense
1 - 64% - 60% - 10:00
2 - 36% - 40% - 5:35
PK3 Forward
1 - 0% - 60%
2 - 0% - 40%
PK3 Defense
1 - 0% - 60%
2 - 0% - 40%
44 Forward
1 - 0% - 60%
2 - 0% - 40%
44 Defense
1 - 0% - 60%
2 - 0% - 40%
Last Minute Offensive  - 0:00
Last Minute Defensive  - 0:00
Total
Forward - 60:00
Defense - 60:00

% Time on Ice - Devils

Lines # - Real PCT - Wanted PCT - Time Play
Normal Forward
1 - 30% - 40% - 12:45
2 - 28% - 30% - 11:59
3 - 23% - 20% - 9:54
4 - 18% - 10% - 7:48
Normal Defense
1 - 41% - 40% - 17:16
2 - 29% - 30% - 12:17
3 - 22% - 20% - 9:28
4 - 8% - 10% - 3:25
PP Forward
1 - 62% - 60% - 9:39
2 - 38% - 40% - 5:56
PP Defense
1 - 61% - 60% - 9:32
2 - 39% - 40% - 6:03
PK Forward
1 - 66% - 60% - 1:18
2 - 34% - 40% - 0:41
PK Defense
1 - 61% - 60% - 1:13
2 - 39% - 40% - 0:46
PK3 Forward
1 - 0% - 60%
2 - 0% - 40%
PK3 Defense
1 - 0% - 60%
2 - 0% - 40%
44 Forward
1 - 0% - 60%
2 - 0% - 40%
44 Defense
1 - 0% - 60%
2 - 0% - 40%
Last Minute Offensive  - 0:00
Last Minute Defensive  - 0:00
Total
Forward - 60:00
Defense - 60:00

Play by Play

1st period


0:01 of 1st period - Matt Stajan wins face-off versus Anze Kopitar in neutral zone.
1:15 of 1st period - Wrist shot by Jason Williams.
1:15 of 1st period - Stopped by Brian Boucher without a rebound.
1:16 of 1st period - Erik Christensen wins face-off versus Jason Williams in Canucks zone.
1:41 of 1st period - Scott Niedermayer is hit by Teemu Selanne and loses puck.
2:02 of 1st period - Snap shot by Scott Niedermayer.
2:02 of 1st period - Deflect By Sheldon Keefe.
2:02 of 1st period - Shot Blocked by Richard Matvichuk.
2:02 of 1st period - Puck is out of play.
2:03 of 1st period - Ramzi Abid wins face-off versus Jaromir Jagr in Devils zone.
2:28 of 1st period - Anze Kopitar is hit by Clarke MacArthur and loses puck.
2:57 of 1st period - Olli Jokinen is hit by Derian Hatcher and loses puck.
3:05 of 1st period - Icing by Chris Pronger.
3:06 of 1st period - Matt Stajan wins face-off versus Jason Williams in Devils zone.
3:09 of 1st period - Wrist shot by Scott Niedermayer.
3:09 of 1st period - Stopped by Jimmy Howard with a rebound.
3:11 of 1st period - Slapshot by Scott Niedermayer.
3:11 of 1st period - Stopped by Jimmy Howard with a rebound.
3:15 of 1st period - Snap shot by Matt Stajan.
3:15 of 1st period - Shot Misses the Net.
3:17 of 1st period - Wrist shot by Jaromir Jagr.
3:17 of 1st period - Shot Blocked by Jason Williams.
3:19 of 1st period - Backhand shot by Peter Worrell.
3:19 of 1st period - Shot Misses the Net.
3:21 of 1st period - Wrist shot by Jaromir Jagr.
3:21 of 1st period - Deflect By Matt Stajan.
3:21 of 1st period - Stopped by Jimmy Howard without a rebound.
3:22 of 1st period - Anze Kopitar wins face-off versus Clarke MacArthur in Devils zone.
3:35 of 1st period - Minor Penalty to Anze Kopitar for Interference.
3:36 of 1st period - Doug Weight wins face-off versus Matt Stajan in Devils zone.
5:17 of 1st period - Chris Pronger is hit by Clarke MacArthur.
5:35 of 1st period - Penalty to Anze Kopitar is over, Anze Kopitar is back on ice.
5:38 of 1st period - Matt Stajan is hit by Anze Kopitar and loses puck.
6:21 of 1st period - Wrist shot by Erik Christensen.
6:21 of 1st period - Shot Misses the Net.
6:43 of 1st period - Snap shot by Jaromir Jagr.
6:43 of 1st period - Shot Misses the Net.
6:50 of 1st period - Icing by Richard Matvichuk.
6:51 of 1st period - Doug Weight wins face-off versus Rickard Wallin in Devils zone.
6:51 of 1st period - Doug Weight is hit by Derian Hatcher.
7:35 of 1st period - Jonas Hoglund is hit by Chris Pronger and loses puck.
7:52 of 1st period - Wrist shot by Erik Christensen.
7:52 of 1st period - Stopped by Jimmy Howard without a rebound.
7:53 of 1st period - Erik Christensen wins face-off versus Doug Weight in Devils zone.
7:54 of 1st period - Wrist shot by Fabian Brunnstrom.
7:54 of 1st period - Stopped by Jimmy Howard without a rebound.
7:55 of 1st period - Anze Kopitar wins face-off versus Erik Christensen in Devils zone.
8:28 of 1st period - Slapshot by Marian Hossa.
8:28 of 1st period - Stopped by Brian Boucher with a rebound.
8:30 of 1st period - Slapshot by Greg De Vries.
8:30 of 1st period - Shot Blocked by Jaromir Jagr.
8:55 of 1st period - Snap shot by Clarke MacArthur.
8:55 of 1st period - Stopped by Jimmy Howard without a rebound.
8:56 of 1st period - Anze Kopitar wins face-off versus Rickard Wallin in Devils zone.
9:26 of 1st period - Snap shot by Doug Weight.
9:26 of 1st period - Stopped by Brian Boucher without a rebound.
9:27 of 1st period - Matt Stajan wins face-off versus Doug Weight in Canucks zone.
9:42 of 1st period - Wrist shot by Peter Worrell.
9:42 of 1st period - Stopped by Jimmy Howard without a rebound.
9:43 of 1st period - Teemu Selanne wins face-off versus Rickard Wallin in Devils zone.
10:32 of 1st period - Snap shot by Fabian Brunnstrom.
10:32 of 1st period - Shot Blocked by Chris Pronger.
10:34 of 1st period - Slapshot by Scott Niedermayer.
10:34 of 1st period - Stopped by Jimmy Howard with a rebound.
10:36 of 1st period - Slapshot by Scott Niedermayer.
10:36 of 1st period - Deflect By Fabian Brunnstrom.
10:36 of 1st period - Shot Misses the Net.
10:36 of 1st period - Puck is out of play.
10:37 of 1st period - Anze Kopitar wins face-off versus Erik Christensen in Devils zone.
10:55 of 1st period - Off-side.
10:56 of 1st period - Doug Weight wins face-off versus Matt Stajan in neutral zone.
11:49 of 1st period - Major Penalty to Scott Niedermayer for Kneeing.
11:50 of 1st period - Jaromir Jagr wins face-off versus Anze Kopitar in Canucks zone.
13:09 of 1st period - Jonas Hoglund is hit by Olli Jokinen and loses puck.
13:20 of 1st period - Anze Kopitar is hit by Sheldon Keefe and loses puck.
14:50 of 1st period - Olli Jokinen is hit by Jonas Hoglund and loses puck.
16:49 of 1st period - Penalty to Scott Niedermayer is over, Scott Niedermayer is back on ice.
16:56 of 1st period - Slapshot by Sergei Zubov.
16:56 of 1st period - Shot Misses the Net.
16:58 of 1st period - Slapshot by Radek Dvorak.
16:58 of 1st period - Stopped by Brian Boucher with a rebound.
17:00 of 1st period - Slapshot by Ben Lovejoy.
17:00 of 1st period - Stopped by Brian Boucher without a rebound.
17:01 of 1st period - Jason Williams wins face-off versus Erik Christensen in Canucks zone.
17:38 of 1st period - Snap shot by Sheldon Keefe.
17:38 of 1st period - Stopped by Jimmy Howard with a rebound.
18:44 of 1st period - Snap shot by Jaromir Jagr.
18:44 of 1st period - Shot Blocked by Chris Pronger.
19:14 of 1st period - Slapshot by Brent Sopel.
19:14 of 1st period - Shot Blocked by Peter Prucha.
19:28 of 1st period - Jaromir Jagr is hit by Greg De Vries and loses puck.
19:51 of 1st period - Slapshot by Sergei Zubov.
19:51 of 1st period - Stopped by Brian Boucher without a rebound.
19:52 of 1st period - Rickard Wallin wins face-off versus Anze Kopitar in Canucks zone.

2nd period


0:01 of 2nd period - Matt Stajan wins face-off versus Teemu Selanne in neutral zone.
0:51 of 2nd period - Wrist shot by Jaromir Jagr.
0:51 of 2nd period - Shot Misses the Net.
1:29 of 2nd period - Wrist shot by Doug Weight.
1:29 of 2nd period - Stopped by Brian Boucher without a rebound.
1:30 of 2nd period - Rickard Wallin wins face-off versus Anze Kopitar in Canucks zone.
1:57 of 2nd period - Olli Jokinen is hit by Brent Sopel and loses puck.
2:37 of 2nd period - Chris Campoli is hit by Roman Hamrlik.
2:53 of 2nd period - Snap shot by Henrik Zetterberg.
2:53 of 2nd period - Shot Blocked by Brent Sopel.
2:55 of 2nd period - Wrist shot by Roman Hamrlik.
2:55 of 2nd period - Shot Misses the Net.
2:57 of 2nd period - Backhand shot by Ramzi Abid.
2:57 of 2nd period - Stopped by Brian Boucher with a rebound.
2:59 of 2nd period - Slapshot by Roman Hamrlik.
2:59 of 2nd period - Goal by Roman Hamrlik - Canucks : 0 - Devils : 1.
3:00 of 2nd period - Rickard Wallin wins face-off versus Anze Kopitar in neutral zone.
3:55 of 2nd period - Icing by Matt Stajan.
3:56 of 2nd period - Anze Kopitar wins face-off versus Matt Stajan in Canucks zone.
4:11 of 2nd period - Icing by Chris Pronger.
4:12 of 2nd period - Anze Kopitar wins face-off versus Rickard Wallin in Devils zone.
4:23 of 2nd period - Slapshot by Scott Niedermayer.
4:23 of 2nd period - Shot Misses the Net.
4:25 of 2nd period - Snap shot by Rickard Wallin.
4:25 of 2nd period - Stopped by Jimmy Howard without a rebound.
4:26 of 2nd period - Doug Weight wins face-off versus Matt Stajan in Devils zone.
4:31 of 2nd period - Wrist shot by Marian Hossa.
4:31 of 2nd period - Stopped by Brian Boucher without a rebound.
4:32 of 2nd period - Doug Weight wins face-off versus Matt Stajan in Canucks zone.
5:03 of 2nd period - Snap shot by Anze Kopitar.
5:03 of 2nd period - Stopped by Brian Boucher with a rebound.
5:05 of 2nd period - Slapshot by Henrik Zetterberg.
5:05 of 2nd period - Shot Misses the Net.
5:45 of 2nd period - Slapshot by Radek Dvorak.
5:45 of 2nd period - Goal by Radek Dvorak - Canucks : 0 - Devils : 2.
5:46 of 2nd period - Matt Stajan wins face-off versus Anze Kopitar in neutral zone.
5:48 of 2nd period - Brent Sopel is hit by Sergei Zubov and loses puck.
5:51 of 2nd period - Slapshot by Matt Stajan.
5:51 of 2nd period - Goal by Matt Stajan - Canucks : 1 - Devils : 2.
5:52 of 2nd period - Anze Kopitar wins face-off versus Matt Stajan in neutral zone.
6:07 of 2nd period - Greg De Vries is hit by Peter Worrell.
6:17 of 2nd period - Marian Hossa is hit by Clarke MacArthur and loses puck.
6:54 of 2nd period - Olli Jokinen is hit by Brent Sopel and loses puck.
7:33 of 2nd period - Snap shot by Olli Jokinen.
7:33 of 2nd period - Shot Blocked by Derian Hatcher.
8:22 of 2nd period - Icing by Chris Kunitz.
8:23 of 2nd period - Olli Jokinen wins face-off versus Matt Stajan in Devils zone.
8:23 of 2nd period - Olli Jokinen is hit by Mark Streit.
8:26 of 2nd period - Sergei Zubov is hit by Mark Streit and loses puck.
8:37 of 2nd period - Slapshot by Sergei Zubov.
8:37 of 2nd period - Deflect By Peter Prucha.
8:37 of 2nd period - Shot Misses the Net.
8:37 of 2nd period - Puck is out of play.
8:38 of 2nd period - Anze Kopitar wins face-off versus Rickard Wallin in Canucks zone.
8:49 of 2nd period - Snap shot by Teemu Selanne.
8:49 of 2nd period - Shot Misses the Net.
8:51 of 2nd period - Wrist shot by Anze Kopitar.
8:51 of 2nd period - Shot Misses the Net.
9:16 of 2nd period - Snap shot by Jaromir Jagr.
9:16 of 2nd period - Deflect By Peter Worrell.
9:16 of 2nd period - Shot Blocked by Chris Pronger.
9:16 of 2nd period - Puck is out of play.
9:17 of 2nd period - Matt Stajan wins face-off versus Anze Kopitar in Devils zone.
9:22 of 2nd period - Snap shot by Henrik Zetterberg.
9:22 of 2nd period - Shot Blocked by Matt Stajan.
9:45 of 2nd period - Snap shot by Clarke MacArthur.
9:45 of 2nd period - Stopped by Jimmy Howard without a rebound.
9:46 of 2nd period - Doug Weight wins face-off versus Matt Stajan in Devils zone.
10:51 of 2nd period - Teemu Selanne is hit by Scott Niedermayer and loses puck.
11:30 of 2nd period - Snap shot by Rickard Wallin.
11:30 of 2nd period - Shot Misses the Net.
11:32 of 2nd period - Slapshot by Chris Campoli.
11:32 of 2nd period - Stopped by Jimmy Howard with a rebound.
11:44 of 2nd period - Snap shot by Doug Weight.
11:44 of 2nd period - Shot Misses the Net.
11:52 of 2nd period - Slapshot by Ramzi Abid.
11:52 of 2nd period - Stopped by Brian Boucher without a rebound.
11:53 of 2nd period - Rickard Wallin wins face-off versus Olli Jokinen in Canucks zone.
12:41 of 2nd period - Jason Williams is hit by Jaromir Jagr and loses puck.
13:19 of 2nd period - Wrist shot by Matt Stajan.
13:19 of 2nd period - Shot Blocked by Chris Kunitz.
13:39 of 2nd period - Peter Prucha is hit by Matt Stajan and loses puck.
13:48 of 2nd period - Snap shot by Matt Stajan.
13:48 of 2nd period - Deflect By Jaromir Jagr.
13:48 of 2nd period - Shot Misses the Net.
13:48 of 2nd period - Puck is out of play.
13:49 of 2nd period - Anze Kopitar wins face-off versus Rickard Wallin in Devils zone.
14:29 of 2nd period - Chris Campoli is hit by Roman Hamrlik and loses puck.
14:39 of 2nd period - Icing by Chris Campoli.
14:40 of 2nd period - Erik Christensen wins face-off versus Jason Williams in Canucks zone.
15:05 of 2nd period - Scott Niedermayer is hit by Sergei Zubov.
15:11 of 2nd period - Sergei Zubov is hit by Jaromir Jagr and loses puck.
15:53 of 2nd period - Peter Worrell is hit by Peter Prucha.
16:07 of 2nd period - Wrist shot by Clarke MacArthur.
16:07 of 2nd period - Shot Blocked by Chris Pronger.
16:09 of 2nd period - Slapshot by Johnny Boychuk.
16:09 of 2nd period - Stopped by Jimmy Howard without a rebound.
16:10 of 2nd period - Jason Williams wins face-off versus Rickard Wallin in Devils zone.
16:10 of 2nd period - Jason Williams is hit by Jonas Hoglund.
16:18 of 2nd period - Raffi Torres is hit by Chris Campoli and loses puck.
16:37 of 2nd period - Off-side.
16:38 of 2nd period - Anze Kopitar wins face-off versus Matt Stajan in neutral zone.
17:05 of 2nd period - Ramzi Abid is hit by Erik Christensen and loses puck.
17:32 of 2nd period - Richard Matvichuk is hit by Mark Streit and loses puck.
17:51 of 2nd period - Wrist shot by Jaromir Jagr.
17:51 of 2nd period - Stopped by Jimmy Howard without a rebound.
17:52 of 2nd period - Jaromir Jagr wins face-off versus Anze Kopitar in Devils zone.
18:03 of 2nd period - Jaromir Jagr is hit by Ben Lovejoy and loses puck.
18:33 of 2nd period - Minor Penalty to Sheldon Keefe for Holding.
18:34 of 2nd period - Jaromir Jagr wins face-off versus Teemu Selanne in Canucks zone.
19:47 of 2nd period - Brent Sopel is hit by Teemu Selanne and loses puck.

3rd period


0:01 of 3rd period - Jaromir Jagr wins face-off versus Ramzi Abid in neutral zone.
0:16 of 3rd period - Snap shot by Ramzi Abid.
0:16 of 3rd period - Stopped by Brian Boucher with a rebound.
0:33 of 3rd period - Penalty to Sheldon Keefe is over, Sheldon Keefe is back on ice.
1:08 of 3rd period - Snap shot by Doug Weight.
1:08 of 3rd period - Shot Misses the Net.
1:25 of 3rd period - David Jones is hit by Teemu Selanne and loses puck.
2:36 of 3rd period - Slapshot by Sergei Zubov.
2:36 of 3rd period - Stopped by Brian Boucher without a rebound.
2:37 of 3rd period - Doug Weight wins face-off versus Matt Stajan in Canucks zone.
2:53 of 3rd period - Icing by Greg De Vries.
2:54 of 3rd period - Doug Weight wins face-off versus Rickard Wallin in Devils zone.
3:15 of 3rd period - Snap shot by Ramzi Abid.
3:15 of 3rd period - Stopped by Brian Boucher without a rebound.
3:16 of 3rd period - Anze Kopitar wins face-off versus Matt Stajan in Canucks zone.
3:29 of 3rd period - Snap shot by Teemu Selanne.
3:29 of 3rd period - Shot Blocked by Derian Hatcher.
3:41 of 3rd period - Derian Hatcher is hit by Ben Lovejoy and loses puck.
3:48 of 3rd period - Slapshot by Derian Hatcher.
3:48 of 3rd period - Shot Misses the Net.
3:50 of 3rd period - Slapshot by Derian Hatcher.
3:50 of 3rd period - Shot Misses the Net.
4:20 of 3rd period - Wrist shot by Jason Williams.
4:20 of 3rd period - Shot Misses the Net.
4:22 of 3rd period - Slapshot by Chris Pronger.
4:22 of 3rd period - Shot Misses the Net.
4:25 of 3rd period - Minor Penalty to Scott Niedermayer for Tripping.
4:26 of 3rd period - Jaromir Jagr wins face-off versus Anze Kopitar in Canucks zone.
4:35 of 3rd period - Jaromir Jagr is hit by Ramzi Abid and loses puck.
5:01 of 3rd period - Backhand shot by Jaromir Jagr.
5:01 of 3rd period - Shot Misses the Net.
6:25 of 3rd period - Penalty to Scott Niedermayer is over, Scott Niedermayer is back on ice.
7:07 of 3rd period - Slapshot by Jonas Hoglund.
7:07 of 3rd period - Stopped by Jimmy Howard without a rebound.
7:08 of 3rd period - Jason Williams wins face-off versus Erik Christensen in Devils zone.
7:20 of 3rd period - Major / Game Misconduct Penalty to Erik Christensen for Unsportsmanlike conduct.
7:20 of 3rd period - Erik Christensen is ejected from game.
7:21 of 3rd period - Anze Kopitar wins face-off versus Jaromir Jagr in Canucks zone.
7:47 of 3rd period - Icing by Sergei Zubov.
7:48 of 3rd period - Olli Jokinen wins face-off versus Jaromir Jagr in Devils zone.
8:20 of 3rd period - Wrist shot by Chris Pronger.
8:20 of 3rd period - Stopped by Brian Boucher with a rebound.
8:22 of 3rd period - Wrist shot by Roman Hamrlik.
8:22 of 3rd period - Shot Blocked by Jonas Hoglund.
9:26 of 3rd period - Olli Jokinen is hit by Sheldon Keefe and loses puck.
11:11 of 3rd period - Chris Campoli is hit by Richard Matvichuk.
12:20 of 3rd period - Penalty to Erik Christensen is over, David Jones is send on ice.
12:32 of 3rd period - Wrist shot by David Jones.
12:32 of 3rd period - Deflect By Sheldon Keefe.
12:32 of 3rd period - Stopped by Jimmy Howard with a rebound.
12:36 of 3rd period - Snap shot by Fabian Brunnstrom.
12:36 of 3rd period - Stopped by Jimmy Howard with a rebound.
12:52 of 3rd period - Chris Kunitz is hit by Derian Hatcher and loses puck.
13:09 of 3rd period - Doug Weight is hit by Jonas Hoglund and loses puck.
14:59 of 3rd period - Minor Penalty to Daniel Paille for Tripping.
15:00 of 3rd period - Anze Kopitar wins face-off versus Jaromir Jagr in Canucks zone.
15:24 of 3rd period - Snap shot by Jonas Hoglund.
15:24 of 3rd period - Shot Misses the Net.
15:34 of 3rd period - Snap shot by Anze Kopitar.
15:34 of 3rd period - Deflect By Teemu Selanne.
15:34 of 3rd period - Stopped by Brian Boucher with a rebound.
15:52 of 3rd period - Snap shot by Teemu Selanne.
15:52 of 3rd period - Shot Misses the Net.
16:34 of 3rd period - Snap shot by Teemu Selanne.
16:34 of 3rd period - Shot Misses the Net.
16:36 of 3rd period - Slapshot by Ben Lovejoy.
16:36 of 3rd period - Stopped by Brian Boucher with a rebound.
16:38 of 3rd period - Wrist shot by Olli Jokinen.
16:38 of 3rd period - Goal by Olli Jokinen - Canucks : 1 - Devils : 3.
16:39 of 3rd period - Sheldon Keefe wins face-off versus Olli Jokinen in neutral zone.
18:24 of 3rd period - Roman Hamrlik is hit by Jaromir Jagr and loses puck.
18:57 of 3rd period - Snap shot by Radek Dvorak.
18:57 of 3rd period - Shot Misses the Net.
18:59 of 3rd period - Wrist shot by Jason Williams.
18:59 of 3rd period - Stopped by Brian Boucher with a rebound.
19:11 of 3rd period - Slapshot by Brent Sopel.
19:11 of 3rd period - Shot Blocked by Ben Lovejoy.
19:37 of 3rd period - Greg De Vries is hit by David Jones.


Output by the SimonT Hockey Simulator (STHS) for François Prévost -- Original Page W3C XHTML 1.0 Valid
Hockey Simulator - Hockey Simulation - Hockey Manager